A- EAST
MYRTLE BEACH PELICANS @ KANNAPOLIS CANNON BALLERS
05/11/2042
 
TOP OF THE 1ST
Myrtle Beach Pelicans batting - Pitching for Kannapolis Cannon Ballers : RHP Noah Atkins
Pitching: RHP Noah Atkins
Batting: RHB Paul D'Eath 0-0: Ball
1-0: Called Strike
1-1: Ball
2-1: Swinging Strike
2-2: Strikes out swinging
Batting: RHB Alfredo Mercado 0-0: Swinging Strike
0-1: Called Strike
0-2: Ball
1-2: Fly out, F9 (Flyball, 9D, EV 105.6 MPH)
Batting: RHB Juan Jose Gómez 0-0: Called Strike
0-1: Foul Ball, location: 2F
0-2: Foul Ball, location: 2F
0-2: Foul Ball, location: 3SF
0-2: Fly out, F6 (Line Drive, 6, EV 65.6 MPH)
Top of the 1st over - 0 runs, 0 hits, 0 errors, 0 left on base; Myrtle Beach 0 - Kannapolis 0
BOTTOM OF THE 1ST
Kannapolis Cannon Ballers batting - Pitching for Myrtle Beach Pelicans : RHP Bennie Flores
Pitching: RHP Bennie Flores
Batting: LHB Elijah Milton 0-0: Called Strike
0-1: Ball
1-1: Foul Ball, location: 2F
1-2: Ground out 5-3 (Groundball, 5D, EV 106.3 MPH)
Batting: LHB Dave Jones 0-0: Ball
1-0: Called Strike
1-1: Ball
2-1: Ground out 4-3 (Groundball, 4, EV 82.5 MPH)
Batting: LHB Mike Simpson 0-0: Swinging Strike
0-1: SOLO HOME RUN (Flyball, 9D, EV 93.1 MPH), Distance : 347 ft
Batting: LHB Jeff Ferguson 0-0: Ball
1-0: Called Strike
1-1: SINGLE (Groundball, 4MS, EV 73.1 MPH) (infield hit)
Batting: LHB Raúl Sánchez 0-0: Ball
1-0: Called Strike
1-1: Ball
2-1: DOUBLE (Groundball, 3L, EV 95.0 MPH)
Jeff Ferguson to third
Runner from 3rd tries for Home, SAFE, throw by RF to home
Batting: SHB Billy Anderson 0-0: Ball
1-0: Ball
2-0: DOUBLE (Flyball, 78XD, EV 95.6 MPH)
Raúl Sánchez scores
Pitching: RHP Jorge Sáenz
Batting: RHB Artie Holder 0-0: Ball
1-0: Foul Ball, location: 5F
1-1: Swinging Strike
1-2: Foul Ball, location: 2F
1-2: Ground out 4-3 (Groundball, 4, EV 88.1 MPH)
Bottom of the 1st over - 3 runs, 4 hits, 0 errors, 1 left on base; Myrtle Beach 0 - Kannapolis 3
TOP OF THE 2ND
Myrtle Beach Pelicans batting - Pitching for Kannapolis Cannon Ballers : RHP Noah Atkins
Batting: RHB Ernesto Salas 0-0: Called Strike
0-1: Ball
1-1: Ball
2-1: Ball
3-1: Foul Ball, location: 7LSFF
3-2: Base on Balls
Batting: RHB Juan Molina 0-0: Ball
1-0: Called Strike
1-1: Ball
2-1: Ball
3-1: Foul Ball, location: 2F
3-2: Strikes out swinging
Batting: LHB Darryl Becker 0-0: Ball
Ernesto Salas steals 2nd base
1-0: Called Strike
1-1: Ball
2-1: Fly out, F4 (Popup, 4D, EV 60.0 MPH)
Batting: SHB Robinson Castillo 0-0: Ground out U3 (Groundball, 3, EV 88.1 MPH)
Top of the 2nd over - 0 runs, 0 hits, 0 errors, 1 left on base; Myrtle Beach 0 - Kannapolis 3
BOTTOM OF THE 2ND
Kannapolis Cannon Ballers batting - Pitching for Myrtle Beach Pelicans : RHP Jorge Sáenz
Batting: RHB Pat Watson 0-0: Foul Ball, location: 9LSF
0-1: Ball
1-1: Foul Ball, location: 2F
1-2: Foul Ball, location: 2LF
1-2: Ball
2-2: Ball
3-2: Foul Ball, location: 9LMF
3-2: Base on Balls
Batting: RHB Álex Gómez 0-0: Ball
1-0: Ball
2-0: Ball
3-0: Base on Balls
Pat Watson to second
Batting: LHB Elijah Milton 0-0: Ball
1-0: Ball
2-0: Sac Bunt to 23 - play at first, batter OUT! 3-4
Pat Watson to third
Álex Gómez to second
Batting: LHB Dave Jones 0-0: Foul Ball, location: 2F
0-1: Ball
1-1: Ball
2-1: Called Strike
2-2: Ball
3-2: Fly out, F8 (Line Drive, 8RM, EV 96.9 MPH)
Runner from 3rd tags up, SCORES, throw by CF
Batting: LHB Mike Simpson 0-0: Foul Ball, location: 9LSFF
0-1: Fly out, F8 (Flyball, 8RS, EV 84.4 MPH)
Bottom of the 2nd over - 1 run, 0 hits, 0 errors, 1 left on base; Myrtle Beach 0 - Kannapolis 4
TOP OF THE 3RD
Myrtle Beach Pelicans batting - Pitching for Kannapolis Cannon Ballers : RHP Noah Atkins
Batting: RHB Esteban Garza 0-0: Foul Ball, location: 25FF
0-1: Called Strike
0-2: Foul Ball, location: 2F
0-2: Strikes out looking
Batting: RHB Pepe Ramírez 0-0: Hit by Pitch
Batting: RHB Paul D'Eath 0-0: Swinging Strike
0-1: Swinging Strike
0-2: Strikes out swinging
Batting: RHB Alfredo Mercado 0-0: Called Strike
0-1: Swinging Strike
0-2: Ball
1-2: Ball
2-2: Strikes out swinging
Top of the 3rd over - 0 runs, 0 hits, 0 errors, 1 left on base; Myrtle Beach 0 - Kannapolis 4
BOTTOM OF THE 3RD
Kannapolis Cannon Ballers batting - Pitching for Myrtle Beach Pelicans : RHP Jorge Sáenz
Batting: LHB Jeff Ferguson 0-0: Ball
1-0: Called Strike
1-1: Swinging Strike
1-2: Foul Ball, location: 5FF
1-2: Ground out 3-1 (Groundball, 34, EV 83.1 MPH)
Batting: LHB Raúl Sánchez 0-0: Ball
1-0: Ball
2-0: Foul Ball, location: 9LDF
2-1: Foul Ball, location: 2F
2-2: DOUBLE (Line Drive, 5D, EV 94.4 MPH)
Batting: SHB Billy Anderson 0-0: DOUBLE (Line Drive, 78D, EV 102.5 MPH)
Raúl Sánchez scores
Batting: RHB Artie Holder 0-0: Ball
1-0: Foul Ball, location: 23FF
1-1: Ball
2-1: Fly out, F7 (Flyball, 7D, EV 101.9 MPH)
Runner from 2nd tags up, SAFE at 3rd, no throw by LF
Batting: RHB Pat Watson 0-0: Called Strike
0-1: Ball
1-1: Foul Ball, location: 5F
1-2: Ground out 6-3 (Groundball, 6, EV 93.1 MPH)
Bottom of the 3rd over - 1 run, 2 hits, 0 errors, 1 left on base; Myrtle Beach 0 - Kannapolis 5
TOP OF THE 4TH
Myrtle Beach Pelicans batting - Pitching for Kannapolis Cannon Ballers : RHP Noah Atkins
Batting: RHB Juan Jose Gómez 0-0: Called Strike
0-1: Ball
1-1: Reached on error, E5 (Groundball, 56, EV 93.8 MPH)
Batting: RHB Ernesto Salas 0-0: Ball
1-0: Called Strike
1-1: Ball
2-1: Swinging Strike
2-2: Strikes out swinging
Batting: RHB Juan Molina 0-0: Ground out 5-3 (Groundball, 5L, EV 91.3 MPH)
Juan Jose Gómez to third
Batting: LHB Darryl Becker 0-0: Ground out U3 (Groundball, 34S, EV 86.9 MPH)
Top of the 4th over - 0 runs, 0 hits, 1 error, 1 left on base; Myrtle Beach 0 - Kannapolis 5
BOTTOM OF THE 4TH
Kannapolis Cannon Ballers batting - Pitching for Myrtle Beach Pelicans : RHP Jorge Sáenz
Batting: RHB Álex Gómez 0-0: Ball
1-0: Fly out, F3 (Line Drive, 3L, EV 76.3 MPH)
Batting: LHB Elijah Milton 0-0: Ball
1-0: Foul Ball, location: 25F
1-1: Foul Ball, location: 25F
1-2: Strikes out swinging
Batting: LHB Dave Jones 0-0: Swinging Strike
0-1: Ball
1-1: Ball
2-1: Ball
3-1: Ground out U3 (Groundball, 13, EV 86.3 MPH)
Bottom of the 4th over - 0 runs, 0 hits, 0 errors, 0 left on base; Myrtle Beach 0 - Kannapolis 5
TOP OF THE 5TH
Myrtle Beach Pelicans batting - Pitching for Kannapolis Cannon Ballers : RHP Noah Atkins
Batting: SHB Robinson Castillo 0-0: Ball
1-0: Called Strike
1-1: Called Strike
1-2: Strikes out swinging
Batting: RHB Esteban Garza 0-0: Swinging Strike
0-1: Swinging Strike
0-2: Strikes out swinging
Batting: RHB Pepe Ramírez 0-0: Foul Ball, location: 23F
0-1: Swinging Strike
0-2: Strikes out looking
Top of the 5th over - 0 runs, 0 hits, 0 errors, 0 left on base; Myrtle Beach 0 - Kannapolis 5
BOTTOM OF THE 5TH
Kannapolis Cannon Ballers batting - Pitching for Myrtle Beach Pelicans : RHP Jorge Sáenz
Batting: LHB Mike Simpson 0-0: Ball
1-0: Foul Ball, location: 2F
1-1: Ball
2-1: Ball
3-1: Base on Balls
Batting: LHB Jeff Ferguson 0-0: Called Strike
0-1: Swinging Strike
0-2: Strikes out swinging
Batting: LHB Raúl Sánchez 0-0: Grounds into double play, 4-6-3 (Groundball, 4, EV 83.8 MPH)
Bottom of the 5th over - 0 runs, 0 hits, 0 errors, 0 left on base; Myrtle Beach 0 - Kannapolis 5
TOP OF THE 6TH
Myrtle Beach Pelicans batting - Pitching for Kannapolis Cannon Ballers : RHP Noah Atkins
Batting: RHB Paul D'Eath 0-0: Ball
1-0: Called Strike
1-1: Ball
2-1: Ground out 5-3 (Groundball, 5S, EV 65.6 MPH)
Batting: RHB Alfredo Mercado 0-0: Ball
1-0: Ball
2-0: Fly out, F9 (Flyball, 9LM, EV 90.6 MPH)
Batting: RHB Juan Jose Gómez 0-0: Foul Ball, location: 3SF
0-1: Foul Ball, location: 7LMF
0-2: Ball
1-2: Strikes out swinging
Top of the 6th over - 0 runs, 0 hits, 0 errors, 0 left on base; Myrtle Beach 0 - Kannapolis 5
BOTTOM OF THE 6TH
Kannapolis Cannon Ballers batting - Pitching for Myrtle Beach Pelicans : RHP Jorge Sáenz
Batting: SHB Billy Anderson 0-0: Swinging Strike
0-1: Swinging Strike
0-2: Foul Ball, location: 25F
0-2: Ground out 3-1 (Groundball, 34, EV 93.1 MPH)
Batting: RHB Artie Holder 0-0: Fly out, F3 (Popup, 34, EV 61.9 MPH)
Batting: RHB Pat Watson 0-0: Called Strike
0-1: Foul Ball, location: 2F
0-2: SINGLE (Groundball, 34S, EV 83.8 MPH)
Batting: RHB Álex Gómez 0-0: Ball
1-0: Ball
2-0: Swinging Strike
2-1: Called Strike
2-2: Ball
3-2: Base on Balls
Pat Watson to second
Pitching: LHP Doug Smith
Batting: LHB Elijah Milton 0-0: Ball
1-0: SINGLE (Flyball, 89S, EV 84.4 MPH)
Pat Watson to third
Álex Gómez to second
Runner from 3rd tries for Home, SAFE, throw by RF to home
Batting: LHB Dave Jones 0-0: Ground out 4-3 (Groundball, 4, EV 88.1 MPH)
Bottom of the 6th over - 1 run, 2 hits, 0 errors, 2 left on base; Myrtle Beach 0 - Kannapolis 6
TOP OF THE 7TH
Myrtle Beach Pelicans batting - Pitching for Kannapolis Cannon Ballers : RHP Noah Atkins
Batting: RHB Ernesto Salas 0-0: Ball
1-0: Ball
2-0: Called Strike
2-1: Foul Ball, location: 9LDF
2-2: Strikes out swinging
Batting: RHB Juan Molina 0-0: Ball
1-0: Ball
2-0: Ball
3-0: Called Strike
3-1: Swinging Strike
3-2: Strikes out swinging, 2-3 out at first.
Batting: LHB Darryl Becker 0-0: Ball
1-0: Ground out 4-3 (Groundball, 4, EV 96.9 MPH)
Top of the 7th over - 0 runs, 0 hits, 0 errors, 0 left on base; Myrtle Beach 0 - Kannapolis 6
BOTTOM OF THE 7TH
Kannapolis Cannon Ballers batting - Pitching for Myrtle Beach Pelicans : LHP Doug Smith
Batting: LHB Mike Simpson 0-0: Ground out 3-1 (Groundball, 34, EV 80.6 MPH)
Batting: LHB Jeff Ferguson 0-0: Ball
1-0: Called Strike
1-1: Foul Ball, location: 2F
1-2: DOUBLE (Flyball, 9D, EV 111.3 MPH)
Batting: LHB Raúl Sánchez 0-0: Called Strike
0-1: Called Strike
0-2: Ball
1-2: Foul Ball, location: 2F
1-2: Fly out, F7 (Flyball, 7D, EV 88.1 MPH)
Runner from 2nd tags up, SAFE at 3rd, no throw by LF
Batting: SHB Billy Anderson 0-0: Foul Ball, location: 2F
0-1: Foul Ball, location: 5FF
0-2: SINGLE (Line Drive, 6D, EV 95.6 MPH)
Jeff Ferguson scores
Batting: RHB Artie Holder 0-0: Called Strike
0-1: Foul Ball, location: 9LMF
0-2: Ball
1-2: Ball
2-2: Ball
3-2: Base on Balls
Billy Anderson to second
Batting: RHB Pat Watson 0-0: Ball
1-0: Foul Ball, location: 3DF
1-1: Hit by Pitch
Billy Anderson to third
Artie Holder to second
Batting: RHB Álex Gómez 0-0: Called Strike
0-1: Fly out, F9 (Flyball, 9S, EV 98.1 MPH)
Bottom of the 7th over - 1 run, 2 hits, 0 errors, 3 left on base; Myrtle Beach 0 - Kannapolis 7
TOP OF THE 8TH
Myrtle Beach Pelicans batting - Pitching for Kannapolis Cannon Ballers : RHP Noah Atkins
Batting: SHB Robinson Castillo 0-0: Ball
1-0: Ball
2-0: Ball
3-0: Called Strike
3-1: Base on Balls
Pinch Hitting: LHB Shawn Greene 0-0: Called Strike
0-1: Called Strike
0-2: Ball
1-2: Strikes out swinging
Pinch Hitting: SHB Joe James 0-0: SINGLE (Groundball, 4MS, EV 66.3 MPH) (infield hit)
Robinson Castillo to second
Pinch Hitting: RHB Chet Graves 0-0: Swinging Strike
0-1: Foul Ball, location: 2F
0-2: Foul Ball, location: 9LMF
0-2: Ball
1-2: Strikes out swinging
Pinch Hitting: LHB Gabriel Bostina 0-0: Called Strike
0-1: Foul Ball, location: 2F
0-2: Ball
1-2: Strikes out swinging
Top of the 8th over - 0 runs, 1 hit, 0 errors, 2 left on base; Myrtle Beach 0 - Kannapolis 7
BOTTOM OF THE 8TH
Kannapolis Cannon Ballers batting - Pitching for Myrtle Beach Pelicans : LHP Doug Smith
Now at 2B: Gabriel Bostina
Now at 3B: Joe James
Now in CF: Shawn Greene
Now in RF: Chet Graves
Batting: LHB Elijah Milton 0-0: Swinging Strike
0-1: Swinging Strike
0-2: Ground out 5-3 (Groundball, 56, EV 107.5 MPH)
Pinch Hitting: LHB Anastasio Félix 0-0: Ball
1-0: Hit by Pitch
Pinch Runner at 1st José Guerrero:
Pinch Hitting: RHB Jorge Chalco 0-0: Ball
1-0: Foul Ball, location: 3SF
1-1: Foul Ball, location: 23F
1-2: Foul Ball, location: 9LDF
1-2: Foul Ball, location: 23FF
1-2: Foul Ball, location: 2F
1-2: Ball
2-2: 2-RUN HOME RUN (Flyball, 8LXD, EV 105.6 MPH), Distance : 418 ft
Pinch Hitting: RHB Don Smith 0-0: Ball
1-0: Ball
2-0: Ball
3-0: Base on Balls
Batting: LHB Raúl Sánchez 0-0: Called Strike
0-1: Fly out, F9 (Flyball, 9D, EV 110.6 MPH)
Batting: SHB Billy Anderson 0-0: Called Strike
0-1: Ball
1-1: Ball
2-1: Swinging Strike
2-2: Hit by Pitch
Don Smith to second
Batting: RHB Artie Holder 0-0: Ball
1-0: Called Strike
1-1: Ball
2-1: Ball
3-1: Foul Ball, location: 9LMF
3-2: Foul Ball, location: 2F
3-2: Base on Balls
Don Smith to third
Billy Anderson to second
Batting: RHB Pat Watson 0-0: Called Strike
0-1: Swinging Strike
0-2: Strikes out swinging
Bottom of the 8th over - 2 runs, 1 hit, 0 errors, 3 left on base; Myrtle Beach 0 - Kannapolis 9
TOP OF THE 9TH
Myrtle Beach Pelicans batting - Pitching for Kannapolis Cannon Ballers : RHP Noah Atkins
Now at 1B: José Guerrero
Now in LF: Jorge Chalco
Now in RF: Don Smith
Pinch Hitting: LHB Ernie Mann 0-0: Called Strike
0-1: Swinging Strike
0-2: Strikes out swinging
Batting: RHB Joe Tidwell 0-0: Ball
1-0: Ball
2-0: Called Strike
2-1: Ball
3-1: Base on Balls
Pitching: LHP José Morales
Pinch Hitting: RHB Alfredo Hernández 0-0: Called Strike
0-1: Swinging Strike
0-2: Foul Ball, location: 9LMF
0-2: Ball
1-2: Ball
2-2: Strikes out swinging
Pinch Hitting: RHB Pepe Mendoza 0-0: Fielders Choice at 2nd, 5-4 (Groundball, 56, EV 101.3 MPH)
Top of the 9th over - 0 runs, 0 hits, 0 errors, 1 left on base; Myrtle Beach 0 - Kannapolis 9
Monday, April 29th , 2024 - OOTP Baseball 24.10 Build 82